 Dungeon Crawl Stone Soup version 0.31.0-9-g3a7656b989 (webtiles) character file.

Game seed: 14155861451243703268

107 qw the Ducker (level 4, 0/22 HPs)
             Began as a Spriggan Hunter on Feb 2, 2024.
             Incinerated by a bombardier beetle (4 damage)
             ... with a burning spray
             ... on level 3 of the Dungeon.
             The game lasted 00:00:04 (1459 turns).

qw the Ducker (Spriggan Hunter)                     Turns: 1459, Time: 00:00:04

Health: 0/22       AC:  2    Str:  7    XL:     4   Next: 56%
Magic:  5/5        EV: 20    Int: 10    God:
Gold:   105        SH:  0    Dex: 20    Spells: 3/3 levels left

rFire   . . .        a - +0 shortbow
rCold   . . .        (shield currently unavailable)
rNeg    . . .        c - +0 robe
rPois   .            (helmet restricted)
rElec   .            (no cloak)
rCorr   .            (gloves unavailable)
SInv    +            (boots unavailable)
Will    .....        (no amulet)
Stlth   +            (no ring)
HPRegen 0.23/turn    (no ring)
MPRegen 0.09/turn

%: no passive effects
@: on fire, glowing, very quick
A: very small, no large weapons, unfitting armour, see invisible, speed 3
a: no special abilities


You were on level 3 of the Dungeon.
You visited 1 branch of the dungeon, and saw 3 of its levels.

You collected 105 gold pieces.


Innate Abilities, Weirdness & Mutations

You are very small and have problems with some larger weapons.
You are too small for most types of armour.
You have supernaturally acute eyesight. (SInv)
You cover ground extremely quickly. (Speed+++)


   Skills:
 + Level 1.5 Fighting
 - Level 5.0 Ranged Weapons
 - Level 5.1 Dodging
 - Level 1.5 Stealth


You had 3 spell levels left.
You didn't know any spells.
Your spell library was empty.

Inventory:

Hand Weapons
 a - a +0 shortbow (weapon)
Armour
 c - a +0 robe (worn)
Potions
 d - a potion of curing
 e - a potion of enlightenment {unknown}
 f - a potion of lignification {unknown}

Dungeon Overview and Level Annotations

Branches:
Dungeon (3/15)

Altars:


Message History

You shake off some of the fire as you move.
The liquid fire burns you!
1441 ||| FLEEEEING.
You shake off some of the fire as you move.
The liquid fire burns you!
1442 ||| FLEEEEING.
You shake off the liquid fire.
1443 ||| FLEEEEING.
You start resting.
A bombardier beetle is nearby!
You shoot an arrow.
The arrow hits the bombardier beetle but does no damage.
The bombardier beetle is heavily wounded.
The bombardier beetle sprays incendiary fluid at you.
The burning spray hits you.
You are covered in liquid fire!
You shoot an arrow. The arrow hits the bombardier beetle.
The bombardier beetle is severely wounded.
The liquid fire burns you!
You shoot an arrow. The arrow hits the bombardier beetle.
The bombardier beetle is almost dead.
The liquid fire burns you!
You shoot an arrow.
The arrow hits the bombardier beetle but does no damage.
The bombardier beetle is almost dead.
The liquid fire burns you!
1455 ||| DRINKING potion of heal wounds.
You feel much better. The liquid fire burns you!
You shoot an arrow. The arrow hits the bombardier beetle!
You kill the bombardier beetle!
The liquid fire burns you!
Your Dodging skill increases to level 5!
You are on fire!
The liquid fire burns you!
You are on fire!
The liquid fire burns you!
You are on fire!
The liquid fire burns you!
You die...

#.##
######..##
#%.......####
#%<%..8...'.#
#........##.#
######..##..#
#.###.##
#.#...#
#@#.### #...#
###.# #.# #.#
#.<..........
####...#####.
..... ...B>..


There were no monsters in sight!

Vanquished Creatures
  A bombardier beetle (D:3)
  A sleepcap (D:2)
  An adder (D:2)
  A dart slug (D:2)
  A ribbon worm (D:2)
  5 endoplasms
  2 giant cockroaches
  3 hobgoblins (D:1)
  6 jackals
  3 quokkas
  2 ball pythons (D:1)
  4 bats
  A frilled lizard (D:2)
  A rat (D:2)
32 creatures vanquished.

Notes
Turn   | Place    | Note
-------+----------+-------------------------------------------
     0 | D:1      | qw the Spriggan Hunter began the quest for the Orb.
     0 | D:1      | Reached XP level 1. HP: 10/10 MP: 2/2
     0 | D:1      | 0 ||| qw: Version: 0.3-a-155-g5e7d8dd
     0 | D:1      | 0 ||| qw: Game counter: 1826
     0 | D:1      | 0 ||| qw: Melee chars always use a shield: true
     0 | D:1      | 0 ||| qw: God list: Okawaru
     0 | D:1      | 0 ||| qw: Allow faded altars: false
     0 | D:1      | 0 ||| qw: Do Orc after clearing Dungeon:15 true
     0 | D:1      | 0 ||| qw: Do second Lair branch before Depths: true
     0 | D:1      | 0 ||| qw: Lair rune preference: random
     0 | D:1      | 0 ||| qw: Goals: Normal
     0 | D:1      | 0 ||| PLANNING D:1-11
   110 | D:1      | Reached skill level 3 in Dodging
   201 | D:1      | Reached XP level 2. HP: 14/14 MP: 3/3
   462 | D:1      | 462 ||| READING scroll labelled ZATSIZ GATHI.
   563 | D:1      | 563 ||| READING scroll labelled HYKKOMP QOUMN.
   664 | D:1      | 664 ||| READING scroll labelled QOGAAT VEYQA.
   664 | D:1      | 664 ||| ENCHANTING +0 shortbow.
   665 | D:1      | 665 ||| DRINKING 2 fuming grey potions.
   666 | D:1      | 666 ||| DROPPING scroll of butterflies.
   667 | D:1      | 667 ||| DROPPING potion of magic.
   772 | D:2      | Reached XP level 3. HP: 16/18 MP: 4/4
  1098 | D:2      | Identified the +0 pair of boots of Darkness {rElec rN+
                  | Will- Dex+4}
  1295 | D:2      | Reached XP level 4. HP: 22/22 MP: 5/5
  1376 | D:2      | 1376 ||| READING scroll labelled DABECV AFOSHI.
  1377 | D:2      | 1377 ||| READING 3 scrolls labelled YGAOKH AKLOE.
  1378 | D:2      | 1378 ||| DRINKING 2 murky green potions.
  1379 | D:2      | 1379 ||| DRINKING 2 orange potions.
  1380 | D:2      | 1380 ||| DROPPING 2 scrolls of noise.
  1440 | D:3      | 1440 ||| FLEEEEING.
  1441 | D:3      | 1441 ||| FLEEEEING.
  1442 | D:3      | 1442 ||| FLEEEEING.
  1443 | D:3      | 1443 ||| FLEEEEING.
  1454 | D:3      | HP: 5/22 [burnt (2)]
  1455 | D:3      | 1455 ||| DRINKING potion of heal wounds.
  1459 | D:3      | Incinerated by a bombardier beetle

Levels and vault maps discovered:
D:1:      minmay_arrival_widening_spiral_wide, layout_rooms,
          minmay_misc_feat_rugged
D:2:      layout_basic
D:3:      layout_loops_ring, mainiacjoe_overflow_concentric_impassable,
          gammafunk_temple_overflow_pools,
          dreamdust_ecumenical_altar_drowned_temple, corexii_corridor_pit,
          grunt_ministairs_14, uniq_ijyb, uniq_natasha, uniq_grinder

Skill      XL: |  1  2  3  4 |
---------------+-------------+-----
Dodging        | 3 4 5 |  5.1
Ranged Weapons | 5 |  5.0
Fighting       | |  1.5
Stealth        | |  1.5

Action                     |  1- 3 |  4- 6 || total
---------------------------+-------+-------++-------
   Fire: Shortbow          |    91 |    14 ||   105
    Use: Scroll            |     3 |     2 ||     5
         Potion            |     1 |     3 ||     4
 Armour: Robe              |     8 |     1 ||     9
  Dodge: Dodged            |    29 |     2 ||    31

Table legend:
 A = Non-vault XP
 B = Vault XP
 C = Vault XP percentage of total XP
 D = Non-vault monster count
 E = Vault monster count
 F = Vault count percentage of total count
                 A         B        C        D         E       F
            +---------+---------+-------+---------+---------+-------
      Total |     150 |       3 |   2.0 |      30 |       2 |   6.2
            +---------+---------+-------+---------+---------+-------
        D:1 |      23 |       0 |   0.0 |      13 |       0 |   0.0
        D:2 |      77 |       0 |   0.0 |      15 |       0 |   0.0
        D:3 |      50 |       3 |   5.7 |       2 |       2 |  50.0
            +---------+---------+-------+---------+---------+-------
